 Dungeon Crawl Stone Soup version 0.20-a0-1089-g3fde505 (webtiles) character file.

445 Monsterracer the Digger (level 7, -1/36 HPs)
             Began as a Gargoyle Earth Elementalist on May 2, 2017.
             Slain by a bullfrog skeleton (5 damage)
             ... on level 5 of the Dungeon.
             The game lasted 00:16:22 (4766 turns).

Monsterracer the Digger (GrEE)                      Turns: 4766, Time: 00:16:23

Health: -1/36      AC: 11    Str: 11    XL:     7   Next: 3%
Magic:  2/12       EV: 12    Int: 18    God:
Gold:   153        SH:  2    Dex:  8    Spells: 1/12 levels left

rFire    + . .     SeeInvis +   p - +2 dagger (venom)
rCold    x . .     Gourm    .   (no shield)
rNeg     + . .     Faith    .   c - +0 robe
rPois    ∞         Spirit   .   q - +2 helmet
rElec    +         Reflect  +   y - +1 cloak
rCorr    .         Harm     .   (no gloves)
MR       .....     Clarity  +   (no boots)
Stlth    ++........             k - +2 amulet of reflection
Regen    0.2/turn               w - ring of fire
MPRegen  0.2/turn               (no ring)

@: no status effects
A: see invisible, clarity, clumsy 1, negative energy resistance 1, electricity
resistance, unbreathing, petrification resistance, rot immunity, AC +4
a: no special abilities


You were on level 5 of the Dungeon.
You were hungry.

You visited 1 branch of the dungeon, and saw 5 of its levels.

You collected 153 gold pieces.

Inventory:

Hand Weapons
 a - a +1 quarterstaff
 g - a cursed +0 mace
 p - a +2 dagger of venom (weapon)
Missiles
 b - 42 stones (quivered)
Armour
 c - a +0 robe (worn)
 q - a +2 helmet (worn)
 y - a +1 cloak (worn)
Jewellery
 k - a +2 amulet of reflection (around neck)
 w - a ring of fire (left hand)
Scrolls
 i - 3 scrolls of identify
 j - a scroll of enchant armour
 l - a scroll of amnesia
 m - 3 scrolls of remove curse
 n - a scroll of teleportation
Potions
 h - 4 potions of might
 o - 2 potions of curing
 s - a potion of mutation
 v - 2 potions of haste
 B - a potion of flight
Books
 e - a book of Geomancy

   Spells                             Type                      Level
   a - Sandblast                      Earth                        1
   b - Passwall                       Transmutation/Earth          2
   c - Stone Arrow                    Conjuration/Earth            3
   d - Petrify                        Transmutation/Earth          4
   e - Lee's Rapid Deconstruction     Earth                        5
Comestibles
 d - a bread ration
 f - a royal jelly
 r - a chunk of flesh
 t - a meat ration


   Skills:
 - Level 1.0(1.7) Maces & Flails
 + Level 2.2(2.3) Staves
 - Level 1.5 Dodging
 - Level 2.1 Stealth
 + Level 3.4 Spellcasting
 + Level 2.5 Conjurations
 - Level 0.7 Transmutations
 * Level 6.9 Earth Magic


You had one spell level left.
You knew the following spells:

 Your Spells              Type           Power        Failure   Level  Hunger
a - Sandblast             Erth           ####..       1%          1    None
b - Passwall              Tmut/Erth      ###.......   4%          2    ##.....
c - Stone Arrow           Conj/Erth      ###...       7%          3    ###....
d - Lee's Rapid Deconstr  Erth           ####......   24%         5    ######.


Dungeon Overview and Level Annotations

Branches:
Dungeon (5/15)
 Temple: D:4-7

Altars:
Hepliaklqana
Kikubaaqudgha
Wu Jian
Xom
The Shining One


Innate Abilities, Weirdness & Mutations

You are resistant to torment.
Your stone body is resilient. (AC +4)
You are immune to poison.
You resist negative energy. (rN+)
You are resistant to electric shocks. (rElec)
You can survive without breathing.
You are immune to petrification.
You are immune to rotting.
You have supernaturally acute eyesight. (SInv)
You possess an exceptional clarity of mind.
You are clumsy. (Dex -2)


Message History

Aiming: Stone Arrow
Press: ? - help, Shift-Dir - straight line, f - centaur, p - bullfrog skeleton
Aim: a centaur The stone arrow hits the centaur.
The centaur is heavily wounded.
The bullfrog skeleton hits you but does no damage.
The centaur hits you.
* * * LOW HITPOINT WARNING * * *
The bullfrog skeleton hits you but does no damage.
Casting: Stone Arrow
Confirm with . or Enter, or press ? or * to list all spells.
Aiming: Stone Arrow
Press: ? - help, Shift-Dir - straight line, f/p - centaur
Aim: a centaur (moderately wounded)
The stone arrow hits the centaur.
The centaur is severely wounded.
The centaur hits you.
* * * LOW HITPOINT WARNING * * *
The bullfrog skeleton hits you.
You die...

.. .. ....(....
#..#.##..#...##.
....#..#......
#..#.#.......... #
#............... ##.
#.#.##......... .....
#.#.##..#.##.#
......##.#c##..#.#..
...........@Z........
....................
.....##.............
#+ #.............#..#
#.##.....#.###.....>.
+...........##.##.##.
#.......##.## .. ...
####.##.##... ... ..
#.##.##.##.. ..


You could see a centaur and a bullfrog skeleton.

Vanquished Creatures
  A scorpion (D:4)
  A bullfrog zombie (D:5)
  2 hounds (D:4)
  A centaur skeleton (D:4)
  An orc wizard (D:3)
  An iguana (D:4)
  2 worker ants (D:4)
  Robin (D:2)
  A gnoll (D:1)
  An adder (D:4)
  A white imp (D:4)
  An ooze (D:1)
  An adder skeleton (D:4)
  4 worms
  3 dart slugs
  3 leopard geckos
  4 orcs
  4 giant cockroaches
  17 goblins
  9 hobgoblins
  3 jackals (D:2)
  11 kobolds
  2 quokkas
  2 ball pythons (D:2)
  9 bats
  12 frilled lizards
  A goblin zombie (D:4)
  A hobgoblin zombie (D:4)
  A kobold skeleton (D:4)
  3 kobold zombies (D:4)
  An orc skeleton (D:4)
  An orc zombie (D:4)
  A quokka skeleton (D:4)
  8 rats
115 creatures vanquished.

Notes
Turn   | Place    | Note
-------+----------+-------------------------------------------
     0 | D:1      | Monsterracer the Gargoyle Earth Elementalist began the quest for the Orb.
     0 | D:1      | Reached XP level 1. HP: 10/10 MP: 3/3
    56 | D:1      | Reached skill level 4 in Earth Magic
    56 | D:1      | Reached XP level 2. HP: 12/15 MP: 1/5
    60 | D:1      | Learned a level 2 spell: Passwall
   213 | D:1      | Reached XP level 3. HP: 13/19 MP: 6/6
   218 | D:1      | Learned a level 3 spell: Stone Arrow
  1225 | D:2      | Reached skill level 5 in Earth Magic
  1248 | D:2      | Found a hazy altar of Hepliaklqana.
  1450 | D:2      | Found an ornate altar of the Wu Jian Council.
  1888 | D:1      | Reached XP level 4. HP: 15/24 MP: 7/7
  2116 | D:2      | Noticed Robin
  2303 | D:2      | Killed Robin
  2303 | D:2      | Reached skill level 1 in Maces & Flails
  3022 | D:3      | Gained mutation: You are clumsy. (Dex -2) [potion of mutation]
  3022 | D:3      | Gained mutation: You have supernaturally acute eyesight. (SInv) [potion of mutation]
  3022 | D:3      | Gained mutation: You possess an exceptional clarity of mind. [potion of mutation]
  3183 | D:3      | Reached XP level 5. HP: 22/28 MP: 9/9
  3372 | D:3      | Reached skill level 1 in Conjurations
  3499 | D:3      | Reached skill level 1 in Staves
  3693 | D:4      | Learned a level 5 spell: Lee's Rapid Deconstruction
  3833 | D:4      | Reached skill level 6 in Earth Magic
  3833 | D:4      | Reached XP level 6. HP: 26/32 MP: 5/10
  3846 | D:4      | Found a glowing golden altar of the Shining One.
  4209 | D:4      | Found an ancient bone altar of Kikubaaqudgha.
  4290 | D:4      | Found a shimmering altar of Xom.
  4716 | D:5      | Entered Level 5 of the Dungeon
  4743 | D:5      | Reached XP level 7. HP: 34/36 MP: 12/12
  4747 | D:5      | Learned a level 2 spell: Passwall
  4766 | D:5      | Slain by a bullfrog skeleton

Vault maps used:
D:1:      matt_arrival_grand_opening
D:2:      overflow_temple_1_default, marbit_many_paths, mrwooster_statue_mirror,
          uniq_robin
D:4:      kennysheep_mini, nicolae_overflow_crystal_walls,
          nicolae_tso_besieged_by_evil, st_stairs_12
D:5:      lemuel_doored_altar, minmay_temple_entry_large_hall, first_bread,
          uniq_sigmund, uniq_duvessa

Skill      XL: |  1  2  3  4  5  6 |
---------------+-------------------+-----
Earth Magic    | 4 5 6 |  6.9
Maces & Flails | 1 |  1.0
Conjurations   | 1 2 |  2.5
Staves         | 1 2 |  2.2
Spellcasting   | 3 |  3.4
Dodging        | |  1.5
Stealth        | |  2.1
Transmutations | |  0.7

Action                   |  1- 3 |  4- 6 |  7- 9 || total
-------------------------+-------+-------+-------++-------
Melee: Dagger            |    23 |   280 |       ||   303
       Club              |   116 |       |       ||   116
 Cast: Sandblast         |    15 |    11 |     1 ||    27
       Stone Arrow       |       |     5 |     3 ||     8
  Use: Potion            |     3 |     4 |       ||     7
       Scroll            |       |     8 |       ||     8
 Stab: Sleeping          |     7 |     3 |       ||    10
  Eat: Chunk             |     3 |    10 |       ||    13
Armor: Robe              |    67 |    98 |     2 ||   167
Dodge: Dodged            |   145 |   161 |     2 ||   308
Block: Other             |       |    16 |       ||    16
